[Event "Titled Tuesday Blitz July 4 Late 2023"]
[White "Zherebtsova, Alexandra"]
[Black "reevecanada"]
[WhiteFideId "24129518"]
[WhiteElo "2347"]
[BlackElo "2528"]
[Result "0-1"]
[Round "9"]
[TimeControl "180+2"]
[Date "2023.07.04"]
[WhiteClock "0:00:00"]
[BlackClock "0:02:07"]
[Board "93"]

1. d4 d5 2. Nf3 Nf6 3. c4 c6 4. Nbd2 Bf5 5. Nh4 Bg6 6. Qb3 Qd7 7. Ndf3 e6 8. Ne5 Qc7 9. Bf4 Bd6 10. c5 Bxe5 11. Bxe5 Qa5+ 12. Qc3 Qd8 13. Nxg6 hxg6 14. f3 O-O 15. g4 Nbd7 16. Bd6 Re8 17. O-O-O b6 18. h4 bxc5 19. dxc5 e5 20. h5 g5 21. e3 Re6 22. Ba6 Ne8 23. Bb7 Nxd6 24. cxd6 Rb8 25. Bxc6 Rc8 26. Kb1 Nb8 27. Rxd5 Rxc6 28. Rc5 Rexd6 29. Rxc6 Nxc6 30. Rc1 Qd7 31. Qc5 f6 32. f4 exf4 33. exf4 gxf4 34. Qc4+ Qe6 35. Qxf4 Qe5 36. Qa4 Nd4 37. Ka1 Qe4 38. a3 Rc6 39. Rxc6 Qh1+ 40. Ka2 Nxc6 41. Qc4+ Kh8 0-1


[Site "https://www.chess.com"]

[Event "Titled Tuesday Blitz July 4 Late 2023"]
[White "Slovineanu, Viacheslav"]
[Black "Estrada Nieto, Julian"]
[WhiteFideId "13900510"]
[BlackFideId "5101018"]
[WhiteElo "2345"]
[BlackElo "2526"]
[Result "1/2-1/2"]
[Round "9"]
[TimeControl "180+2"]
[Date "2023.07.04"]
[WhiteClock "0:00:06"]
[BlackClock "0:00:13"]
[Board "94"]

1. d4 d5 2. Nf3 Nf6 3. c4 dxc4 4. e3 e6 5. Bxc4 a6 6. O-O c5 7. dxc5 Bxc5 8. Qxd8+ Kxd8 9. Rd1+ Ke7 10. a3 Nbd7 11. b4 Bd6 12. Bb2 b5 13. Be2 Bb7 14. Nc3 Rhc8 15. Rd2 Ne5 16. Rad1 Nxf3+ 17. Bxf3 Bxf3 18. gxf3 Be5 19. Ne4 Bxb2 20. Rxb2 Nxe4 21. fxe4 Rd8 22. Rc1 Rdc8 23. Rbc2 Rxc2 24. Rxc2 Kd6 25. Kf1 a5 26. e5+ Kxe5 27. Rc5+ Ke4 28. Rxb5 axb4 29. Rxb4+ Kf5 30. a4 e5 31. Ke2 Ra7 32. f3 f6 33. Kd3 h5 34. Kc3 g5 35. h3 Ke6 36. e4 f5 37. Rb6+ Kf7 38. Kb4 fxe4 39. fxe4 Rd7 40. Rh6 Rd4+ 41. Kb5 Rxe4 42. Rxh5 Kf6 43. a5 Re1 44. Rh6+ Kf5 45. a6 Rb1+ 46. Kc6 e4 47. a7 Ra1 48. Kb7 e3 49. Ra6 Rxa6 50. Kxa6 e2 51. a8=Q e1=Q 52. Qf8+ Kg6 53. Qg8+ Kh6 54. Qh8+ Kg6 55. Qg8+ Kh6 56. Qf8+ Kg6 57. Qg8+ 1/2-1/2


[Site "https://www.chess.com"]

[Event "Titled Tuesday Blitz July 4 Late 2023"]
[White "Shapiro, Daniel"]
[Black "Fiol, Fabrice"]
[WhiteFideId "2001780"]
[BlackFideId "611670"]
[WhiteElo "2339"]
[BlackElo "2521"]
[Result "0-1"]
[Round "9"]
[TimeControl "180+2"]
[Date "2023.07.04"]
[WhiteClock "0:00:02"]
[BlackClock "0:00:25"]
[Board "95"]

1. d4 Nf6 2. c4 e6 3. g3 Bb4+ 4. Bd2 Qe7 5. Bg2 O-O 6. Qc2 a5 7. Nf3 d5 8. a3 Bxd2+ 9. Nbxd2 b6 10. O-O Ba6 11. Rfe1 Nbd7 12. cxd5 exd5 13. Qxc7 Rfc8 14. Qf4 Rc2 15. b3 Re8 16. Bf1 h6 17. e3 Bxf1 18. Rxf1 Ne4 19. Rfc1 Rxc1+ 20. Rxc1 Qxa3 21. Rc7 Ndf6 22. Nxe4 dxe4 23. Ne5 Qxb3 24. Nxf7 Qd1+ 25. Kg2 Qf3+ 26. Qxf3 exf3+ 27. Kxf3 Ra8 28. Nd6 a4 29. Nb5 a3 30. Rc1 Nd5 31. e4 Nb4 32. e5 a2 33. Nc3 Ra3 34. Ke4 Rxc3 35. Ra1 Rb3 36. d5 Kf8 0-1


[Site "https://www.chess.com"]

[Event "Titled Tuesday Blitz July 4 Late 2023"]
[White "Rodriguez Santiago, Jaime"]
[Black "Herman, Matthew"]
[WhiteFideId "3100898"]
[BlackFideId "2028964"]
[WhiteElo "2320"]
[BlackElo "2518"]
[Result "1-0"]
[Round "9"]
[TimeControl "180+2"]
[Date "2023.07.04"]
[WhiteClock "0:00:42"]
[BlackClock "0:00:01"]
[Board "96"]

1. c4 g6 2. Nc3 Bg7 3. g3 Nf6 4. Bg2 O-O 5. e4 d6 6. Nge2 c5 7. O-O Nc6 8. d3 Ne8 9. Be3 Nd4 10. Rb1 Nc7 11. f4 Bg4 12. h3 Bxe2 13. Nxe2 Nxe2+ 14. Qxe2 Ne6 15. b4 b6 16. f5 Nd4 17. Qd2 a5 18. b5 e6 19. Bh6 exf5 20. Bxg7 Kxg7 21. exf5 Ra7 22. f6+ Kh8 23. Qh6 Rg8 24. Rf4 Nf5 25. Qg5 h6 26. Qg4 Qxf6 27. Rbf1 Re7 28. Kh2 Qg7 29. Qd1 Ne3 30. Qf3 Nxf1+ 31. Bxf1 f5 32. Qc6 Qb2+ 33. Bg2 Re2 34. Rf1 Rge8 35. Rg1 R8e6 36. h4 Rf2 37. Qc8+ Kg7 38. Qxe6 1-0


[Site "https://www.chess.com"]

[Event "Titled Tuesday Blitz July 4 Late 2023"]
[White "Kirillov, Dmitry"]
[Black "Korpics, Zsolt"]
[WhiteFideId "34180572"]
[BlackFideId "705241"]
[WhiteElo "2515"]
[BlackElo "2320"]
[Result "0-1"]
[Round "9"]
[TimeControl "180+2"]
[Date "2023.07.04"]
[WhiteClock "0:01:32"]
[BlackClock "0:00:24"]
[Board "97"]

1. d4 Nf6 2. Nf3 e6 3. Bg5 h6 4. Bxf6 Qxf6 5. e4 d6 6. Nc3 Nd7 7. Bb5 c6 8. Bd3 e5 9. dxe5 Nxe5 10. Nxe5 dxe5 11. O-O Bc5 12. Qe2 O-O 13. Rad1 Qg6 14. Kh1 Be6 15. Bc4 Rad8 16. Bxe6 Qxe6 17. f3 Rd4 18. b3 Rfd8 19. Rxd4 Bxd4 20. Rd1 Rd6 21. Nb1 Qd7 22. c3 Bb6 23. Rxd6 Qxd6 24. Qd2 Qc5 25. Qe1 Kf8 26. g3 Ke7 27. Kg2 h5 28. h4 f6 29. Qc1 Qf2+ 30. Kh3 Qxf3 31. Nd2 Qg4+ 32. Kh2 Bf2 33. Nf1 Qxe4 34. Qd2 Bb6 35. c4 Qf3 36. Qg2 Qxg2+ 37. Kxg2 Kd6 38. Kf3 Kc5 39. a3 Kd4 0-1


[Site "https://www.chess.com"]

[Event "Titled Tuesday Blitz July 4 Late 2023"]
[White "Antonio, Jorge Carlos"]
[Black "Womacka, Mathias"]
[WhiteFideId "113190"]
[BlackFideId "4611390"]
[WhiteElo "2290"]
[BlackElo "2496"]
[Result "0-1"]
[Round "9"]
[TimeControl "180+2"]
[Date "2023.07.04"]
[WhiteClock "0:00:54"]
[BlackClock "0:00:17"]
[Board "98"]

1. d4 Nf6 2. Nf3 e6 3. Bf4 c5 4. e3 d5 5. c3 Bd6 6. Ne5 O-O 7. Nd2 Nc6 8. Nxc6 bxc6 9. Bxd6 Qxd6 10. Nf3 cxd4 11. exd4 c5 12. Be2 cxd4 13. cxd4 Ba6 14. O-O Rfc8 15. Bxa6 Qxa6 16. Ne5 Qb6 17. b3 Rc3 18. Qd2 Ne4 19. Qf4 f6 20. Nf3 Rac8 21. h4 Qd6 22. Qg4 Rc2 23. h5 Rb2 24. Rac1 Rcc2 25. Rxc2 Rxc2 26. Ra1 Nxf2 27. Qh4 Ne4 28. h6 Qg3 29. Qxg3 Nxg3 30. hxg7 Kxg7 31. b4 Rb2 32. a3 h5 33. Ne1 Ne2+ 34. Kh1 Nxd4 35. Nd3 Rd2 36. Nc5 e5 37. a4 Rb2 38. b5 e4 39. Kg1 h4 40. Rd1 Ne2+ 41. Kh2 Nc3 42. Ra1 d4 43. Ne6+ Kg6 44. Nxd4 e3 45. Re1 e2 46. g3 Rd2 47. Nf3 hxg3+ 48. Kxg3 Ra2 49. Kf2 Rxa4 50. Ng1 Ra2 51. Nxe2 Rxe2+ 52. Rxe2 Nxe2 53. Kxe2 Kf5 54. Ke3 Ke5 55. Kf3 Kd5 56. Kf4 Kc4 57. Kf5 Kxb5 58. Kxf6 a5 59. Ke5 Kb4 60. Ke4 a4 61. Kd3 Kb3 62. Kd2 Kb2 0-1


[Site "https://www.chess.com"]

[Event "Titled Tuesday Blitz July 4 Late 2023"]
[White "Erzhanov, Arman"]
[Black "Zampronha, Wladimir Camilo"]
[WhiteFideId "4138821"]
[BlackFideId "2103087"]
[WhiteElo "2468"]
[BlackElo "2288"]
[Result "1-0"]
[Round "9"]
[TimeControl "180+2"]
[Date "2023.07.04"]
[WhiteClock "0:00:50"]
[BlackClock "0:00:46"]
[Board "99"]

1. e4 c5 2. Nf3 e6 3. b3 d5 4. Bb5+ Bd7 5. Bxd7+ Qxd7 6. exd5 Qxd5 7. O-O Nf6 8. Nc3 Qd8 9. Re1 Nc6 10. Bb2 Be7 11. d3 O-O 12. Ne4 Rc8 13. Qe2 b6 14. Rad1 Re8 15. Ng3 Qd5 16. c4 Qd7 17. d4 cxd4 18. Nxd4 Nxd4 19. Rxd4 Qb7 20. Nh5 Nxh5 21. Qxh5 Bf6 22. Rd2 Bxb2 23. Rxb2 Rcd8 24. Rd1 Qe4 25. Kf1 Rd3 26. Rbd2 Red8 27. Qe2 Rxd2 28. Rxd2 Qxe2+ 29. Kxe2 Rxd2+ 30. Kxd2 Kf8 31. Kc3 Ke7 32. Kb4 Kd6 33. Kb5 Kc7 34. c5 e5 35. cxb6+ axb6 36. b4 f5 37. a4 e4 38. Kc4 Kc6 39. Kd4 g6 40. h4 h6 41. a5 bxa5 42. bxa5 Kb5 43. Ke5 Kxa5 44. h5 gxh5 45. Kxf5 Kb4 46. Kxe4 Kc3 47. f4 Kd2 48. Kf3 Kd3 49. f5 1-0


[Site "https://www.chess.com"]

[Event "Titled Tuesday Blitz July 4 Late 2023"]
[White "Vega Gutierrez, Sabrina"]
[Black "rionelG"]
[WhiteFideId "2219026"]
[WhiteElo "2396"]
[BlackElo "2264"]
[Result "1-0"]
[Round "9"]
[TimeControl "180+2"]
[Date "2023.07.04"]
[WhiteClock "0:00:04"]
[BlackClock "0:00:00"]
[Board "100"]

1. e4 c5 2. Nf3 d6 3. d4 cxd4 4. Qxd4 Nc6 5. Bb5 Bd7 6. Bxc6 Bxc6 7. Nc3 Nf6 8. Bg5 e6 9. O-O-O Be7 10. Qd3 O-O 11. Nd4 Qa5 12. f4 Rfc8 13. Nb3 Qc7 14. g4 b5 15. Bxf6 Bxf6 16. Nd4 Rab8 17. Kb1 b4 18. Nce2 Qb7 19. Ng3 Ba4 20. b3 Be8 21. g5 Bxd4 22. Qxd4 Rd8 23. Nh5 e5 24. fxe5 dxe5 25. Qxe5 f6 26. gxf6 Bxh5 27. Qxh5 Qxe4 28. Qg5 Qg6 29. f7+ Qxf7 30. Rxd8+ 1-0


[Site "https://www.chess.com"]

[Event "Titled Tuesday Blitz July 4 Late 2023"]
[White "financieru"]
[Black "Thiel, Thomas"]
[BlackFideId "4615964"]
[WhiteElo "2383"]
[BlackElo "2224"]
[Result "1-0"]
[Round "9"]
[TimeControl "180+2"]
[Date "2023.07.04"]
[WhiteClock "0:00:33"]
[BlackClock "0:00:41"]
[Board "101"]

1. d4 d5 2. c4 dxc4 3. Nf3 Nf6 4. Nc3 a6 5. a4 e6 6. e4 c5 7. d5 exd5 8. e5 Ne4 9. Nxd5 Qa5+ 10. Bd2 Nxd2 11. Qxd2 Qxd2+ 12. Nxd2 Kd8 13. Bxc4 Be6 14. O-O-O Nc6 15. Ne4 Kc8 16. Nb6+ Kb8 17. Bxe6 fxe6 18. Nxa8 Kxa8 19. Rd7 g6 20. f4 Bh6 21. g3 g5 22. fxg5 Nxe5 23. Re7 Nc6 24. Rxe6 Bg7 25. Nxc5 Rc8 26. Kb1 Nd4 27. Re7 Bf8 28. Rxh7 Bxc5 29. g6 Nf5 30. g7 Bd4 31. Rh8 Rxh8 32. gxh8=Q+ Bxh8 33. Rf1 1-0


[Site "https://www.chess.com"]

[Event "Titled Tuesday Blitz July 4 Late 2023"]
[White "Cooper, Aaron"]
[Black "Prieto Aranguren, Alain"]
[WhiteFideId "2634945"]
[BlackFideId "2268906"]
[WhiteElo "2217"]
[BlackElo "2379"]
[Result "0-1"]
[Round "9"]
[TimeControl "180+2"]
[Date "2023.07.04"]
[WhiteClock "0:00:16"]
[BlackClock "0:01:45"]
[Board "102"]

1. e4 c6 2. d4 d5 3. exd5 cxd5 4. Bd3 Nc6 5. c3 Qc7 6. Ne2 Bg4 7. O-O e6 8. Qe1 Nf6 9. f3 Bh5 10. Qh4 h6 11. Ng3 Bg6 12. Bxg6 fxg6 13. Re1 Kf7 14. Na3 a6 15. Nc2 Bd6 16. Qh3 Rae8 17. Ne3 g5 18. Ng4 Nxg4 19. fxg4 Rhf8 20. Nh5 Kg8 21. Be3 Na5 22. Rad1 Nc4 23. Bc1 e5 24. dxe5 Qc5+ 25. Be3 Nxe3 26. Qxe3 Qxe3+ 27. Rxe3 Bc5 28. Rd4 Bxd4 29. cxd4 Rc8 30. h3 Rc1+ 31. Kh2 Rc2 32. Rf3 Rxf3 0-1


[Site "https://www.chess.com"]

[Event "Titled Tuesday Blitz July 4 Late 2023"]
[White "Ferriz Barrios, Andres"]
[Black "Cooklev, Steven"]
[WhiteFideId "5104467"]
[BlackFideId "2050552"]
[WhiteElo "2204"]
[BlackElo "2376"]
[Result "0-1"]
[Round "9"]
[TimeControl "180+2"]
[Date "2023.07.04"]
[WhiteClock "0:00:47"]
[BlackClock "0:00:44"]
[Board "103"]

1. d4 Nf6 2. Nf3 d5 3. Nbd2 c5 4. e3 Nc6 5. c3 Bg4 6. h3 Bh5 7. Bd3 e6 8. O-O Bd6 9. dxc5 Bxc5 10. e4 Qc7 11. exd5 Nxd5 12. Ne4 Be7 13. Ng3 Bg6 14. Re1 O-O 15. Qe2 Rad8 16. Bxg6 hxg6 17. Qe4 Nf6 18. Qe2 Bc5 19. Be3 Bxe3 20. Qxe3 Rd7 21. Rad1 Rfd8 22. Rxd7 Rxd7 23. Ne4 Nd5 24. Qg5 Qf4 25. Nc5 Rd8 26. Qxf4 Nxf4 27. Re4 Nd3 28. Nxd3 Rxd3 29. Re3 Rd1+ 30. Kh2 Kf8 31. Re4 Rb1 32. Re2 Ke7 33. b4 Rc1 34. b5 Na5 35. Re3 Nc4 36. Rd3 Rc2 37. Kg3 Rxa2 38. Rd4 Nd6 39. c4 Nf5+ 0-1


[Site "https://www.chess.com"]

[Event "Titled Tuesday Blitz July 4 Late 2023"]
[White "Vila Dupla, Aurelio"]
[Black "Campos, Maria Jose"]
[WhiteFideId "2203383"]
[BlackFideId "146803"]
[WhiteElo "2182"]
[BlackElo "2373"]
[Result "0-1"]
[Round "9"]
[TimeControl "180+2"]
[Date "2023.07.04"]
[WhiteClock "0:00:06"]
[BlackClock "0:01:34"]
[Board "104"]

1. Nf3 Nf6 2. d4 e6 3. g3 d5 4. Bg2 g6 5. O-O Bg7 6. c4 O-O 7. Nbd2 Na6 8. e3 b6 9. b3 Bb7 10. Bb2 Rc8 11. Rc1 c5 12. cxd5 exd5 13. dxc5 bxc5 14. Re1 Qe7 15. Qc2 Nb4 16. Qb1 Ba6 17. Bf1 Bxf1 18. Nxf1 Ne4 19. N1d2 Bxb2 20. Qxb2 Nd3 21. Qa3 Nxe1 22. Rxe1 Nxd2 23. Nxd2 d4 24. Nf3 Qf6 25. Kg2 Rc7 26. e4 d3 27. Rc1 Qd6 28. Qa5 Re8 29. e5 Qc6 30. Re1 Rd7 31. Qd2 c4 32. bxc4 Qxc4 33. Re3 Rd5 34. h4 h6 35. Ne1 Qc6 36. Kh2 Rexe5 37. Rxe5 Rxe5 38. Nxd3 Rd5 39. Qe3 Qe6 40. Qf3 Rf5 41. Nf4 Qxa2 42. Qa8+ Kg7 43. Qd8 Qxf2+ 44. Kh3 Rxf4 45. gxf4 Qxf4 46. Qa5 Qf5+ 0-1


[Site "https://www.chess.com"]

[Event "Titled Tuesday Blitz July 4 Late 2023"]
[White "ChawitAp"]
[Black "Hartikainen, Jarmo"]
[BlackFideId "503134"]
[WhiteElo "2370"]
[BlackElo "2175"]
[Result "1-0"]
[Round "9"]
[TimeControl "180+2"]
[Date "2023.07.04"]
[WhiteClock "0:01:26"]
[BlackClock "0:00:15"]
[Board "105"]

1. Nf3 Nf6 2. g3 g6 3. Bg2 Bg7 4. O-O O-O 5. c4 c5 6. Nc3 Nc6 7. b3 d5 8. cxd5 Nxd5 9. Bb2 Nxc3 10. Bxc3 Bxc3 11. dxc3 Qxd1 12. Rfxd1 Rd8 13. Nd2 Bd7 14. Ne4 b6 15. Nxc5 bxc5 16. Rxd7 Rxd7 17. Bxc6 Rad8 18. Bxd7 Rxd7 19. Kg2 Rd2 20. Kf3 f5 21. Ke3 Rd6 22. b4 cxb4 23. cxb4 e5 24. Rc1 Rd7 25. Rc5 e4 26. a4 Kf7 27. b5 Ke6 28. a5 Kd6 29. Rc6+ Kd5 30. Ra6 Rb7 31. b6 axb6 32. Rxb6 Rxb6 33. axb6 Kc6 34. Kf4 Kxb6 35. Kg5 Kc5 36. Kh6 Kd4 37. Kxh7 Kc3 38. Kxg6 Kd2 39. Kxf5 Kxe2 40. Kxe4 Kxf2 41. Kf5 1-0


[Site "https://www.chess.com"]

[Event "Titled Tuesday Blitz July 4 Late 2023"]
[White "Bazilius, Augustinas"]
[Black "Horokoskii"]
[WhiteFideId "12832251"]
[WhiteElo "2363"]
[BlackElo "2098"]
[Result "0-1"]
[Round "9"]
[TimeControl "180+2"]
[Date "2023.07.04"]
[WhiteClock "0:00:31"]
[BlackClock "0:01:17"]
[Board "106"]

1. d4 Nf6 2. c4 g6 3. Nf3 Bg7 4. g3 d6 5. Bg2 Nbd7 6. O-O O-O 7. Nc3 c6 8. e4 e5 9. h3 Ne8 10. Bg5 f6 11. Be3 f5 12. exf5 Rxf5 13. dxe5 Nxe5 14. Nxe5 Bxe5 15. Qd2 Be6 16. b3 Qa5 17. Bd4 Ng7 18. Rfe1 Bxd4 19. Qxd4 Raf8 20. Ne4 d5 21. Nc5 Bc8 22. cxd5 Rxf2 23. Ne4 R2f7 24. dxc6 bxc6 25. Ng5 Qxg5 26. g4 Kh8 27. Bxc6 h5 28. Bd5 Rf4 29. Qc3 Qxd5 30. Re7 Qd4+ 0-1


[Site "https://www.chess.com"]

[Event "Titled Tuesday Blitz July 4 Late 2023"]
[White "Mangialardo, Tiago Carvalho"]
[Black "Buchenau, Frank"]
[WhiteFideId "2130718"]
[BlackFideId "4604350"]
[WhiteElo "2131"]
[BlackElo "2401"]
[Result "0-1"]
[Round "9"]
[TimeControl "180+2"]
[Date "2023.07.04"]
[WhiteClock "0:00:00"]
[BlackClock "0:00:46"]
[Board "107"]

1. e4 e6 2. d4 d5 3. exd5 exd5 4. c4 Nf6 5. Nf3 Bb4+ 6. Nc3 O-O 7. Be2 dxc4 8. Bxc4 Re8+ 9. Be3 Be6 10. Bxe6 Rxe6 11. O-O Nbd7 12. Bg5 h6 13. Bh4 Nf8 14. d5 Re8 15. Qb3 Bxc3 16. bxc3 Qxd5 17. Qa4 Ne4 18. c4 Qc5 19. Qb3 Ng6 20. Rad1 Qb6 21. Qc2 Nxh4 22. Nxh4 Qf6 23. Nf3 Nc5 24. Rd5 b6 25. Nd4 c6 26. Rd7 Nxd7 0-1


[Site "https://www.chess.com"]

[Event "Titled Tuesday Blitz July 4 Late 2023"]
[White "BenchGM"]
[Black "Santos, Rafael Ventura Dos"]
[BlackFideId "2122227"]
[WhiteElo "2359"]
[BlackElo "2270"]
[Result "0-1"]
[Round "9"]
[TimeControl "180+2"]
[Date "2023.07.04"]
[WhiteClock "0:00:15"]
[BlackClock "0:01:02"]
[Board "108"]

1. e4 c5 2. Nf3 g6 3. d4 cxd4 4. Nxd4 Bg7 5. c4 Nc6 6. Be3 Nf6 7. Nc3 O-O 8. Be2 d6 9. O-O Nxd4 10. Bxd4 a5 11. h3 Bd7 12. Rc1 Bc6 13. Qc2 Nd7 14. Bxg7 Kxg7 15. Rfd1 Nc5 16. e5 Qc7 17. exd6 exd6 18. Nd5 Bxd5 19. Rxd5 Rfe8 20. Bf3 Re6 21. Rcd1 Qe7 22. Qd2 Ra6 23. Bg4 f5 24. Bf3 h5 25. Rd4 Qf6 26. a3 a4 27. Bd5 Re7 28. Bf3 Nb3 29. Rxd6 Nxd2 30. Rxf6 Nxf3+ 31. gxf3 Rxf6 0-1


[Site "https://www.chess.com"]

[Event "Titled Tuesday Blitz July 4 Late 2023"]
[White "Schachpanda_Youtube"]
[Black "Vaglio Munoz, Jaime"]
[BlackFideId "6500145"]
[WhiteElo "2220"]
[BlackElo "2301"]
[Result "0-1"]
[Round "9"]
[TimeControl "180+2"]
[Date "2023.07.04"]
[WhiteClock "0:00:02"]
[BlackClock "0:01:11"]
[Board "109"]

1. e4 c5 2. d4 cxd4 3. c3 Qa5 4. Nf3 Nc6 5. Bc4 e6 6. O-O Nf6 7. cxd4 d5 8. exd5 Nxd5 9. Re1 Be7 10. Bd2 Qd8 11. Nc3 Nb6 12. Bd3 O-O 13. Qe2 g6 14. Bh6 Re8 15. Rad1 Bf6 16. d5 Nb4 17. Bb5 Bd7 18. Ne4 exd5 19. Bxd7 Rxe4 20. Qxe4 dxe4 21. Bc6 Nxc6 22. Rxd8+ Rxd8 0-1


[Site "https://www.chess.com"]

[Event "Titled Tuesday Blitz July 4 Late 2023"]
[White "Sanchez, Robert"]
[Black "Kostiukov, Alexandr"]
[WhiteFideId "2034360"]
[BlackFideId "14108100"]
[WhiteElo "2207"]
[BlackElo "2294"]
[Result "0-1"]
[Round "9"]
[TimeControl "180+2"]
[Date "2023.07.04"]
[WhiteClock "0:02:44"]
[BlackClock "0:02:53"]
[Board "110"]

1. e4 c5 2. d4 cxd4 3. c3 g6 4. Nf3 Bg7 5. Bc4 e6 6. cxd4 d5 7. exd5 exd5 8. Bb5+ Nc6 9. Ne5 Ne7 10. Bg5 f6 11. Nxc6 bxc6 0-1


[Site "https://www.chess.com"]

[Event "Titled Tuesday Blitz July 4 Late 2023"]
[White "Graham, Nathaniel"]
[Black "CarolinaLujan"]
[WhiteFideId "2007983"]
[WhiteElo "2072"]
[BlackElo "2283"]
[Result "0-1"]
[Round "9"]
[TimeControl "180+2"]
[Date "2023.07.04"]
[WhiteClock "0:00:00"]
[BlackClock "0:00:28"]
[Board "111"]

1. e4 c5 2. Nf3 Nc6 3. d4 cxd4 4. Nxd4 e5 5. Nb5 d6 6. c4 f5 7. exf5 Bxf5 8. N1c3 Nf6 9. Bd3 Be6 10. O-O a6 11. Na3 Be7 12. Bg5 O-O 13. Rc1 Rc8 14. Nc2 Qd7 15. b4 h6 16. Be3 Ng4 17. Bb6 Bg5 18. Rb1 Qf7 19. Nd5 Kh8 20. a4 Ne7 21. Nce3 Nxe3 22. fxe3 Qg8 23. Qh5 Nxd5 24. cxd5 Bf7 25. Qf3 Bxd5 26. Qg4 Be6 27. Qh5 Bf7 28. Qg4 d5 29. Bf5 Rc4 30. Qe2 Be8 31. Bd3 Rc6 32. Rxf8 Qxf8 33. Rf1 Rf6 34. Rxf6 Qxf6 35. Qc2 Qxb6 36. Qc8 Qxe3+ 0-1


[Site "https://www.chess.com"]

[Event "Titled Tuesday Blitz July 4 Late 2023"]
[White "Sainz Aguirre, Ignacio"]
[Black "Saucey, Michel"]
[WhiteFideId "5101727"]
[BlackFideId "601845"]
[WhiteElo "1971"]
[BlackElo "2282"]
[Result "1/2-1/2"]
[Round "9"]
[TimeControl "180+2"]
[Date "2023.07.04"]
[WhiteClock "0:00:10"]
[BlackClock "0:00:10"]
[Board "112"]

1. e4 c5 2. Nf3 e6 3. d4 cxd4 4. Nxd4 Nc6 5. Nc3 Qc7 6. g3 a6 7. Bg2 Nf6 8. O-O Nxd4 9. Qxd4 Bc5 10. Qd1 d6 11. Qe2 h6 12. Na4 Ba7 13. c4 e5 14. b3 b5 15. cxb5 axb5 16. Nb2 O-O 17. Be3 Be6 18. Rfc1 Qb7 19. Nd3 b4 20. Bxa7 Rxa7 21. Nb2 Rfa8 22. Nc4 Bxc4 23. Rxc4 Ra3 24. Qd2 Qa6 25. Qxb4 Rxa2 26. Rxa2 Qxa2 27. Rc1 Ng4 28. Rf1 Qa3 29. Qxa3 Rxa3 30. h3 Nf6 31. Rd1 Rxb3 32. Rxd6 Kf8 33. Ra6 Rb7 34. Ra5 Nd7 35. Bf1 Ke7 36. Bb5 Nf6 37. Bc4 Kd6 38. Bd5 Nxd5 39. Rxd5+ Ke6 40. Kg2 g6 41. h4 Rb2 42. Ra5 h5 43. Ra6+ Ke7 44. Ra7+ Kf6 45. Ra6+ Kg7 46. Ra7 Kf6 47. Ra6+ Kg7 48. Ra7 Kf6 1/2-1/2


[Site "https://www.chess.com"]

[Event "Titled Tuesday Blitz July 4 Late 2023"]
[White "Kovacevic, Radmila"]
[Black "Prydun, Andriy"]
[WhiteFideId "933171"]
[BlackFideId "14145898"]
[WhiteElo "2229"]
[BlackElo "2373"]
[Result "0-1"]
[Round "9"]
[TimeControl "180+2"]
[Date "2023.07.04"]
[WhiteClock "0:00:12"]
[BlackClock "0:00:07"]
[Board "113"]

1. e4 c5 2. Nf3 d6 3. d4 cxd4 4. Nxd4 Nf6 5. Nc3 g6 6. Bd3 Bg7 7. h3 Nc6 8. Nb3 Ne5 9. f4 Nxd3+ 10. cxd3 O-O 11. g4 b6 12. O-O Bb7 13. Kh2 Rc8 14. Be3 a6 15. Qe2 b5 16. Rad1 Nd7 17. d4 b4 18. Nb1 Bxe4 19. Qxa6 Ra8 20. Qb5 Rxa2 21. Qxb4 Rxb2+ 22. N1d2 Bc2 23. Qc3 Rxb3 24. Nxb3 Bxd1 25. Rxd1 Nf6 26. Qc4 Qa8 27. d5 Rc8 28. Qd3 Rc3 29. Qxc3 Nxg4+ 30. hxg4 Bxc3 31. Rd3 Bg7 32. Nd2 h6 33. Kg3 Qa4 34. Rb3 Kh7 35. Rb7 Qa3 36. Kf3 Bd4 37. Nc4 Qd3 38. Rc7 h5 39. gxh5 gxh5 40. Kf2 h4 41. Bxd4 Qxd4+ 42. Kf3 Qxd5+ 43. Kg4 Qe6+ 44. Kxh4 f5 45. Kg3 Kg7 46. Kf3 Kf6 47. Ne3 Qe4+ 48. Ke2 Qd4 49. Kf3 Qd3 50. Kf2 e5 51. fxe5+ dxe5 52. Rc6+ Kg5 53. Rc5 Qd4 54. Ra5 f4 55. Ra3 fxe3+ 56. Rxe3 Kf4 57. Kf1 Qxe3 58. Kg2 Qf3+ 59. Kh2 e4 0-1


[Site "https://www.chess.com"]

[Event "Titled Tuesday Blitz July 4 Late 2023"]
[White "Oliveira, Tiago Batista"]
[Black "Cardozo Munar, Carlos Eduardo"]
[WhiteFideId "2108291"]
[BlackFideId "4409477"]
[WhiteElo "2154"]
[BlackElo "2326"]
[Result "1-0"]
[Round "9"]
[TimeControl "180+2"]
[Date "2023.07.04"]
[WhiteClock "0:00:11"]
[BlackClock "0:01:15"]
[Board "114"]

1. d4 d5 2. c4 e5 3. dxe5 d4 4. Nf3 Nc6 5. g3 Nge7 6. Bg2 Ng6 7. O-O Ngxe5 8. Nbd2 Nxf3+ 9. Nxf3 Be7 10. e3 dxe3 11. Bxe3 Qxd1 12. Raxd1 O-O 13. Nd4 Nxd4 14. Bxd4 c6 15. Rfe1 Be6 16. b3 Rfd8 17. Bc3 h6 18. Bf3 Bc5 19. Kg2 a6 20. Ba5 Re8 21. Bc3 Rad8 22. Rxd8 Rxd8 23. Rd1 Rxd1 24. Bxd1 f6 25. f4 Kf7 26. g4 f5 27. h3 Be3 28. Kf3 Bc1 29. Bc2 fxg4+ 30. hxg4 g6 31. f5 gxf5 32. Bxf5 b5 33. cxb5 axb5 34. Bxe6+ Kxe6 35. Ke4 c5 36. Bg7 Bg5 37. a4 b4 38. Bf8 Be7 39. Bxe7 Kxe7 40. Kd5 Kf6 41. Kxc5 Kg5 42. a5 Kxg4 43. a6 h5 44. a7 h4 45. a8=Q h3 46. Qh1 Kg3 47. Kxb4 h2 48. Kc3 Kf4 49. b4 Ke5 50. b5 Kd6 51. b6 Kd7 52. Qxh2 Kc8 53. Qc7# 1-0


[Site "https://www.chess.com"]

[Event "Titled Tuesday Blitz July 4 Late 2023"]
[White "Torres Dominguez, David"]
[Black "The_Straightforward_Rook"]
[WhiteFideId "2220857"]
[WhiteElo "2140"]
[BlackElo "2320"]
[Result "0-1"]
[Round "9"]
[TimeControl "180+2"]
[Date "2023.07.04"]
[WhiteClock "0:00:00"]
[BlackClock "0:02:39"]
[Board "115"]

1. e3 e5 2. d4 exd4 3. exd4 d5 4. Bd3 Nf6 5. Nf3 Bd6 6. O-O O-O 7. h3 Re8 8. Nc3 h6 9. Re1 c6 10. Rxe8+ Qxe8 11. Be3 Nbd7 12. Qd2 Ne4 13. Bxe4 dxe4 0-1


[Site "https://www.chess.com"]

[Event "Titled Tuesday Blitz July 4 Late 2023"]
[White "campochess"]
[Black "Kukavica, Tony"]
[BlackFideId "2062542"]
[WhiteElo "2124"]
[BlackElo "2287"]
[Result "0-1"]
[Round "9"]
[TimeControl "180+2"]
[Date "2023.07.04"]
[WhiteClock "0:01:02"]
[BlackClock "0:00:55"]
[Board "116"]

1. Nc3 g6 2. d4 Bg7 3. e4 b6 4. g3 Bb7 5. Bg2 e6 6. Nge2 d6 7. O-O Ne7 8. Bg5 O-O 9. Qd2 Nd7 10. Rad1 f6 11. Bh6 Qe8 12. Bxg7 Kxg7 13. d5 e5 14. f4 a6 15. a4 Qf7 16. Bh3 f5 17. exf5 Nxf5 18. g4 Nh4 19. fxe5 Nf3+ 20. Rxf3 Qxf3 21. Ng3 Nxe5 22. Nce4 Qxg3+ 23. Nxg3 Nf3+ 24. Kg2 Nxd2 25. Rxd2 Rae8 26. c4 Rf4 27. b3 Re3 28. Ne2 Rfe4 29. Ng3 Re5 30. g5 Rxb3 31. Be6 Rxg5 32. Rf2 a5 33. Rf7+ Kh6 34. Rxc7 Ba6 35. Bg8 Rg4 36. Rxh7+ Kg5 37. Rc7 Bxc4 38. Rc6 Rb2+ 39. Kf3 Rb3+ 40. Kg2 Rd4 41. Rxd6 Rd2+ 42. Kh3 Bf1# 0-1


[Site "https://www.chess.com"]